 Dungeon Crawl Stone Soup version 0.15-a0-155-g2613b33 (webtiles) character file.

178 BluebellGnoll the Chopper (level 4, 5/37 HPs)
             Began as a Demonspawn Chaos Knight on Apr 16, 2014.
             Was a Plaything of Xom.
             Quit the game on Level 3 of the Dungeon.
             The game lasted 00:08:14 (2021 turns).

BluebellGnoll the Chopper (Demonspawn Chaos Knight) Turns: 2021, Time: 00:08:15

HP   5/37        AC  5     Str 12      XL: 4   Next: 37%
MP   4/4         EV 10     Int 14      God: Xom
Gold 85          SH  0     Dex 13      Spells:  0 memorised,  3 levels left

rFire  . . .     SeeInvis .     a - +0 hand axe (chaos) (curse)
rCold  . . .     Clarity  .     b - +2 leather armour
rNeg   . . .     Conserve .     (no shield)
rPois  .         rCorr    .     (helmet restricted)
rElec  .         rRot     .     (no cloak)
SustAb . .       Spirit   .     (no gloves)
rMut   .         Warding  .     (no boots)
Saprov . . .     Stasis   .     (no amulet)
MR     .....                    (no ring)
                                (no ring)

@: not resistant to hostile enchantments, very unstealthy
A: antennae 1
a: Renounce Religion


You were on level 3 of the Dungeon.
You worshipped Xom.
You were a very special plaything of Xom.
You were not hungry.

You visited 1 branch of the dungeon, and saw 3 of its levels.

You collected 85 gold pieces.

Inventory:

Hand weapons
 a - a cursed +0,+0 hand axe of chaos (weapon)
Missiles
 n - 5 javelins (quivered)
Armour
 b - a +2 leather armour (worn)
Comestibles
 c - 3 bread rations
 d - 2 meat rations
 f - a banana
 m - a sausage
 q - a chunk of ball python flesh
Scrolls
 e - 8 scrolls of identify {unknown}
 g - 2 scrolls of enchant weapon II {unknown}
 h - a scroll of amnesia {unknown}
 i - a scroll of remove curse {unknown}
 j - a scroll of noise {unknown}
 l - a scroll of teleportation {unknown}
Potions
 k - a potion of might {unknown}
 o - a potion of heal wounds {unknown}
 p - a potion of poison {unknown}


   Skills:
 - Level 3.7 Fighting
 + Level 4.0 Axes
 - Level 2.0 Armour
 - Level 1.3 Dodging


You had 3 spell levels left.
You didn't know any spells.

Dungeon Overview and Level Annotations

Branches:
Dungeon (3/15)

Altars:


Innate Abilities, Weirdness & Mutations

You have a pair of small antennae on your head.


Message History

The ufetubus barely misses you. The ufetubus closely misses you.
You miss the ufetubus. You closely miss the orc wizard.
The orc wizard is lightly wounded.
The ufetubus hits you but does no damage.
The ufetubus barely misses you.
The orc wizard hits you but does no damage.
The iron imp hits you. The ufetubus misses you.
The ufetubus hits you but does no damage.
You hit the orc wizard. You burn the orc wizard.
The orc wizard is moderately wounded.
You barely miss the ufetubus. The orc wizard hits you with a mace.
The ufetubus hits you.
* * * LOW HITPOINT WARNING * * *
The ufetubus closely misses you. The iron imp closely misses you.
The orc wizard hits you with a mace.
* * * LOW HITPOINT WARNING * * *
Unknown command.
Drink which item? (? for menu, Esc to quit)
Okay, then.
Are you sure you want to abandon this character and quit the game? (Confirm with "yes".)

##### #.... #....
#....
###############....
#5@5.......%.......
#o####.########....
#o# #.# #.... #r#
#.# #.... #.# #.#
#.... #.# #.# ##...
#.# #.# #### #.#
#.# # #.# #.# ...


You could see an iron imp, an orc wizard (berserk), an orc, an ufetubus and a
rat.

Vanquished Creatures
  2 adders (D:2)
  A gnoll (D:1)
  2 worms (D:2)
  A giant gecko (D:2)
  An orc (D:3)
  2 ball pythons
  2 bats
  5 goblins
  6 hobgoblins
  10 kobolds
  A quokka (D:2)
  6 giant cockroaches
  4 giant newts (D:2)
  2 jackals (D:2)
  7 rats
52 creatures vanquished.

Notes
Turn   | Place    | Note
--------------------------------------------------------------
     0 | D:1      | BluebellGnoll, the Demonspawn Chaos Knight, began the quest for the Orb.
     0 | D:1      | Reached XP level 1. HP: 18/18 MP: 1/1
    37 | D:1      | XOM: harmless Conj miscast
    55 | D:1      | Gained mutation: You have a pair of small antennae on your head. [demonic ancestry]
    55 | D:1      | Reached XP level 2. HP: 24/24 MP: 2/2
   336 | D:1      | XOM: divination: magic mapping
   383 | D:1      | Reached skill level 1 in Dodging
   842 | D:2      | Reached XP level 3. HP: 20/29 MP: 3/3
  1022 | D:2      | XOM: harmless Erth miscast
  1044 | D:2      | XOM: potion effect (berserk rage)
  1198 | D:2      | XOM: medium Chrm miscast
  1483 | D:2      | Reached XP level 4. HP: 16/37 MP: 4/4
  1525 | D:2      | XOM: harmless Necr miscast
  1679 | D:2      | XOM: colour smoke trail
  1978 | D:3      | Reached skill level 4 in Axes
  2016 | D:3      | XOM: summons 2 hostile demons
  2021 | D:3      | Quit the game

Action                   |  1- 3 |  4- 6 || total
-------------------------+-------+-------++-------
Melee: Hand axe          |   120 |    32 ||   152
